 Dungeon Crawl Stone Soup version 0.29-a0-1006-g0dd7720b37 (webtiles) character file.

Game seed: 13965776727802445237

395 Gargoyl the Trooper (level 6, -10/40 HPs)
             Began as a Gargoyle Berserker on Aug 6, 2022.
             Was a Believer of Trog.
             Mangled by Blork the orc
             ... wielding a +0 trident
              (17 damage)
             ... on level 4 of the Dungeon.
             The game lasted 00:02:55 (2850 turns).

Gargoyl the Trooper (Gargoyle Berserker)            Turns: 2850, Time: 00:02:55

Health: -10/40     AC: 14    Str: 20    XL:     6   Next: 82%
Magic:  6/6        EV:  8    Int: 14    God:    Trog [**....]
Gold:   186        SH:  0    Dex: 11    Spells: 5/5 levels left

rFire   . . .      SeeInvis .   m - +5 flail "Gargoyl's Curse" {drain, rC+ Int+6}
rCold   + . .      Faith    .   (no shield)
rNeg    + + .      Spirit   .   h - +0 chain mail {rN+}
rPois   ∞          Reflect  .   n - +0 helmet
rElec   +          Harm     .   (no cloak)
rCorr   .          Rampage  .   (no gloves)
Will    ++...                   (no boots)
Stlth   ..........              (no amulet)
HPRegen 1.13/turn               (no ring)
MPRegen 0.10/turn               (no ring)

@: strong-willed, regenerating
A: sickness immunity, AC +4, negative energy resistance 1, electricity
resistance, torment resistance 1, petrification resistance
a: Renounce Religion, Berserk, Trog's Hand


You were on level 4 of the Dungeon.
You worshipped Trog.
Trog was pleased with you.
You visited 1 branch of the dungeon, and saw 4 of its levels.

You collected 186 gold pieces.

Inventory:

Hand Weapons
 a - a +0 hand axe
 m - the +5 flail "Gargoyl's Curse" (weapon) {drain, rC+ Int+6}
   (You found it on level 2 of the Dungeon)

   A truly terrible weapon, it drains the life of any living foe it strikes.
   Int:       It affects your intelligence (+6).
   rC:        It protects you from cold.
Missiles
 q - 2 curare-tipped darts (quivered)
 r - 3 poisoned darts
Armour
 h - a +0 chain mail of positive energy (worn)
 n - a +0 helmet (worn)
Wands
 b - a wand of flame (16)
Scrolls
 e - a scroll of enchant armour {unknown}
 f - a scroll of poison {unknown}
 g - a scroll of vulnerability {unknown}
 i - 2 scrolls of identify {unknown}
 j - 2 scrolls of teleportation {unknown}
 o - a scroll of magic mapping {unknown}
Potions
 c - a potion of degeneration {unknown}
 d - a potion of curing {unknown}
 k - a potion of magic {unknown}
 l - a potion of lignification {unknown}
 p - 2 potions of attraction {unknown}


   Skills:
 + Level 4.8 Fighting
 + Level 4.2(4.5) Axes
 + Level 2.7(4.1) Maces & Flails
 + Level 3.2 Armour
 + Level 2.5 Dodging
 + Level 1.2 Stealth


You had 5 spell levels left.
You didn't know any spells.
Your spell library was empty.

Dungeon Overview and Level Annotations

Branches:
Dungeon (4/15)
 Temple: D:4-7

Altars:
Ru
Yredelemnul

Shops:
D:1 :?![*

Annotations:
D:4 Blork the orc


Innate Abilities, Weirdness & Mutations

You are immune to sickness and miasma.
Your stone body is resilient. (AC +4)
You are immune to poison.
You resist negative energy. (rN+)
You are resistant to electric shocks. (rElec)
You are resistant to unholy torment.
You are immune to petrification.


Message History

You climb downwards.
Found 13 gold pieces and a scroll labelled ZEBAAWKUFOS.
There is a stone staircase leading up here.
Blork the orc is nearby!
A giant cockroach comes into view.
Found a club.
You see here 13 gold pieces.
Your skin crawls.
You feel strong-willed.
Blork the orc drinks a potion.
Blork the orc seems to grow stronger.
Unknown command.
The giant cockroach bites you but does no damage.
Blork the orc hits you but does no damage.
The giant cockroach barely misses you.
Blork the orc hits you but does no damage.
Unknown command.
Found a chain mail.
Blork the orc hits you but does no damage.
Blork the orc attacks as you move away!
Blork the orc hits you with a +0 trident.
The giant cockroach attacks as you move away!
The giant cockroach barely misses you.
Blork the orc casts a cantrip, but nothing happens.
You sock the giant cockroach!
You kill the giant cockroach!
Trog accepts your kill.
Blork the orc hits you from afar with a +0 trident.
Blork the orc hits you with a +0 trident.
You sock Blork the orc!
Blork the orc is moderately wounded.
Blork the orc hits you with a +0 trident!
You hit Blork the orc but do no damage.
Blork the orc is moderately wounded.
Blork the orc screams, "I'm going to kill you!"
Blork the orc hits you with a +0 trident!
* * * LOW HITPOINT WARNING * * *
You barely miss Blork the orc.
Blork the orc is moderately wounded.
Blork the orc hits you with a +0 trident!
You die...

......#..........
##..?.#..........
#.............#
.......#.<...#
.......#$.#..#
.........## ..#
.........# ..#
.....#..o##..###
.....##†@)......
.............##.
.......###......
....... ...##.
....... .....
....... ..##.
....... ..
.[..... ..#
.......


You could see Blork the orc (strong).

Vanquished Creatures
  Sigmund (D:3)
  The ghost of Smoky173 the Slasher, an amateur DsMo of Uskayaw (D:3)
  A kobold brigand (D:3)
  Terence (D:2)
  An adder (D:2)
  6 ball pythons
  3 bats
  3 endoplasms
  3 giant cockroaches
  3 goblins
  7 hobgoblins
  11 kobolds
  2 quokkas
  2 frilled lizards
  4 rats
49 creatures vanquished.

Vanquished Creatures (others)
  2 plants (D:1)
2 creatures vanquished.

Grand Total: 51 creatures vanquished

Notes
Turn   | Place    | Note
-------+----------+-------------------------------------------
     0 | D:1      | Gargoyl the Gargoyle Berserker began the quest for the Orb.
     0 | D:1      | Reached XP level 1. HP: 14/14 MP: 1/1
    14 | D:1      | Found Purhuevo's General Store.
    20 | D:1      | Found a faded altar of an unknown god.
    26 | D:1      | Found Laottuh's Distillery.
    85 | D:1      | Reached XP level 2. HP: 8/19 MP: 2/2
   335 | D:1      | Found Tugaz's Book Shop.
   372 | D:1      | Found Xafiroa's Magic Scroll Shop.
   687 | D:1      | You fall into a shaft and drop 1 floor!
   885 | D:1      | Found Opag's Antique Armour Shoppe.
  1074 | D:2      | Reached XP level 3. HP: 24/24 MP: 3/3
  1111 | D:2      | Noticed Terence
  1124 | D:2      | Killed Terence
  1326 | D:2      | Reached XP level 4. HP: 28/29 MP: 4/4
  1404 | D:2      | Identified the +6 trident of Okawaru's Hatred {vorpal,
                  | Will+ rCorr Int+3}
  1578 | D:2      | Identified the +5 flail "Gargoyl's Curse" {drain, rC+
                  | Int+6}
  1857 | D:3      | Found a basalt altar of Yredelemnul.
  2010 | D:3      | Noticed Sigmund
  2022 | D:3      | Killed Sigmund
  2022 | D:3      | Reached ** piety under Trog
  2023 | D:3      | Reached skill level 1 in Maces & Flails
  2023 | D:3      | Reached XP level 5. HP: 19/34 MP: 5/5
  2023 | D:3      | Reached XP level 6. HP: 22/39 MP: 6/6
  2204 | D:3      | Reached skill level 1 in Stealth
  2207 | D:3      | Found a sacrificial altar of Ru.
  2326 | D:3      | Found a runed translucent gate.
  2326 | D:3      | Found a runed translucent gate.
  2326 | D:3      | Found a runed translucent gate.
  2326 | D:3      | Noticed Smoky173's ghost (amateur DsMo)
  2616 | D:3      | Killed Smoky173's ghost
  2838 | D:4      | Noticed Blork the orc
  2850 | D:4      | Mangled by Blork the orc

Illustrated notes

Levels and vault maps discovered:
D:1:      wander_arrival_fairy_ring, layout_basic, basic_ecumenical_altar,
          serial_shops, shop_statue, nicolae_shop_advertising_works
          [nicolae_subvault_shop_adworks],
          nicolae_shop_competitors_out_of_business, nicolae_shop_hallway_plus,
          shop_fountains
D:2:      layout_basic, interstate_on_off, uniq_terence
D:3:      layout_basic, yredelemnul_altar_generic, mainiacjoe_overflow_24_doors,
          gammafunk_ghost_nasty_kobolds, uniq_sigmund
D:4:      layout_cave_pools, minmay_temple_entry_ruins, minivault_23,
          fountainhead, palyth_stone_intersect, uniq_blork_the_orc, uniq_pargi

Skill      XL: |  1  2  3  4  5  6 |
---------------+-------------------+-----
Axes           | 3 4 |  4.2
Fighting       | 4 |  4.8
Maces & Flails | 1 2 |  2.7
Dodging        | 2 |  2.5
Stealth        | 1 |  1.2
Armour         | 3 |  3.2

Action                   |  1- 3 |  4- 6 || total
-------------------------+-------+-------++-------
Melee: Hand axe          |    56 |     6 ||    62
       Punch             |     3 |       ||     3
       Flail             |       |    63 ||    63
Invok: Berserk           |     2 |     1 ||     3
       Trog's Hand       |       |     1 ||     1
Armor: Animal skin       |    22 |       ||    22
       Chain mail        |     1 |    42 ||    43
Dodge: Dodged            |    43 |    24 ||    67

Table legend: (Time is in decaauts)
 A = Elapsed time spent in this place.
 B = Non-inter-level travel time spent in this place.
 C = Inter-level travel time spent in this place.
 D = Time resting spent in this place.
 E = Time spent auto-exploring this place.
 F = Levels seen in this place.
 G = Mean time per level.
                   A        B        C        D        E       F      G
               +--------+--------+--------+--------+--------+-----+--------+
         Total |   2897 |   2784 |    113 |      0 |   2343 |   4 |  724.2 |
       Dungeon |   2897 |   2784 |    113 |      0 |   2343 |   4 |  724.2 |
               +--------+--------+--------+--------+--------+-----+--------+

Top non-repeatable levels by time:
     D:3: 1045 daAuts
     D:1: 993 daAuts
     D:2: 845 daAuts
     D:4: 12 daAuts
